[Event "ICC tourney 2985 (25 5)"]
[Site "Internet Chess Club"]
[Date "2022.08.13"]
[Round "1"]
[White "DINESH, ABINAV:abi2009"]
[Black "QUIRKE, JEFFREY L:PawnEatingZombi"]
[Result "1-0"]
[ICCResult "Black resigns"]
[WhiteElo "1637"]
[BlackElo "2035"]
[Opening "Ruy Lopez: modern Steinitz defense, 5.O-O"]
[ECO "C72"]
[NIC "RL.10"]
[Time "11:00:17"]
[PlyCount "29"]
[TimeControl "1500+5"]

1. e4 e5 2. Nf3 Nc6 3. Bb5 a6 4. Ba4 d6 5. O-O Bd7 6. d4 b5 7. Bb3 Nxd4 8.
Nxd4 exd4 9. f4 Nf6 10. e5 Ng4 11. e6 fxe6 12. Qxg4 Qf6 13. Re1 Kf7 14. f5
h5 15. fxe6+ {Black resigns} 1-0

[Event "ICC tourney 2985 (25 5)"]
[Site "Internet Chess Club"]
[Date "2022.08.13"]
[Round "1"]
[White "REDDY, SATVIK:chesslead"]
[Black "GU, MINGHAO:mancogu"]
[Result "1-0"]
[ICCResult "Black resigns"]
[WhiteElo "2212"]
[BlackElo "1727"]
[Opening "Sicilian: Najdorf, 7.f4"]
[ECO "B96"]
[NIC "SI.06"]
[Time "11:00:53"]
[PlyCount "81"]
[TimeControl "1500+5"]

1. e4 c5 2. Nf3 d6 3. d4 cxd4 4. Nxd4 Nf6 5. Nc3 a6 6. Bg5 e6 7. f4 Nbd7 8.
Qf3 Qc7 9. O-O-O b5 10. e5 Bb7 11. Qh3 dxe5 12. Nxe6 fxe6 13. Qxe6+ Be7 14.
Nxb5 axb5 15. Bxb5 Rd8 16. Rhe1 e4 17. Rd4 Rf8 18. Rdxe4 Bxe4 19. Rxe4 Qc5
20. b4 Nxe4 21. bxc5 Nxg5 22. fxg5 g6 23. c6 Rf5 24. cxd7+ Kf8 25. Bc4 Bxg5+
26. Kd1 h6 27. Qg8+ Ke7 28. Qg7+ Kd6 29. Qxg6+ Rf6 30. Qe8 Rxd7 31. Bb5 Rdf7
32. c3 Rf2 33. Ke1 Bd2+ 34. Kd1 Bg5 35. Qc6+ Ke7 36. Qc5+ Kd8 37. Qb6+ Ke7
38. Qc5+ Kd8 39. Qd6+ Kc8 40. Ba6+ Rb7 41. Qc6+ {Black resigns} 1-0

[Event "ICC tourney 2985 (25 5)"]
[Site "Internet Chess Club"]
[Date "2022.08.13"]
[Round "1"]
[White "JIANG, ANDREW:K05-16091063"]
[Black "Belous, Vladimir:Openyagami"]
[Result "0-1"]
[ICCResult "White resigns"]
[WhiteElo "2014"]
[BlackElo "2569"]
[Opening "Sicilian: Labourdonnais-Löwenthal (Kalashnikov) variation"]
[ECO "B32"]
[NIC "SI.32"]
[Time "11:00:21"]
[PlyCount "62"]
[TimeControl "1500+5"]

1. e4 c5 2. Nf3 Nc6 3. d4 cxd4 4. Nxd4 e5 5. Nb5 d6 6. c4 g6 7. Be3 Nf6 8.
f3 Be6 9. N1c3 a6 10. Na3 h5 11. h4 Bh6 12. Bxh6 Rxh6 13. Qd2 Rh8 14. O-O-O
Qa5 15. Nc2 Rd8 16. Kb1 Kf8 17. Be2 Kg7 18. Nd5 Qc5 19. g4 hxg4 20. Nxf6
gxf3 21. Bxf3 Kxf6 22. Qg5+ Kg7 23. h5 Qxc4 24. hxg6 f6 25. Qg3 Qxa2+ 26.
Kc1 Na5 27. Rh7+ Rxh7 28. gxh7+ Kh8 29. Rg1 Nb3+ 30. Kd1 Qb1+ 31. Ke2 Qxc2+
{White resigns}
0-1

[Event "ICC tourney 2985 (25 5)"]
[Site "Internet Chess Club"]
[Date "2022.08.13"]
[Round "1"]
[White "Mitrabha, Guha:babysnake"]
[Black "HO, COOPER:arsenicblast"]
[Result "1-0"]
[ICCResult "Black resigns"]
[WhiteElo "2521"]
[BlackElo "1893"]
[Opening "Queen's pawn, Mason variation"]
[ECO "D00"]
[NIC "QP.08"]
[Time "11:00:52"]
[PlyCount "81"]
[TimeControl "1500+5"]

1. d4 d5 2. Bf4 Nf6 3. e3 e6 4. Nf3 Bd6 5. Nbd2 O-O 6. Bd3 c5 7. c3 Qc7 8.
Ne5 Nbd7 9. Ndf3 b6 10. O-O Bb7 11. Rc1 c4 12. Bb1 Ne4 13. Nxd7 Qxd7 14. Ne5
Qc7 15. f3 f6 16. fxe4 fxe5 17. dxe5 Bxe5 18. exd5 Bxf4 19. exf4 Bxd5 20.
Qd2 Rad8 21. Qe3 Rf6 22. Rf2 Rdf8 23. Rcf1 Qf7 24. Qe5 b5 25. h3 Qb7 26. a3
a5 27. f5 Qb6 28. Kh2 b4 29. axb4 axb4 30. g4 bxc3 31. bxc3 Qb8 32. Qxb8
Rxb8 33. g5 Rff8 34. f6 e5 35. Bc2 e4 36. Rd2 Bc6 37. Rd6 Ba8 38. Kg3 gxf6
39. gxf6 Rb2 40. Rf2 e3 41. Bxh7+ {Black resigns} 1-0

[Event "ICC tourney 2985 (25 5)"]
[Site "Internet Chess Club"]
[Date "2022.08.13"]
[Round "1"]
[White "MARKOVIC, GORAN:Goran21"]
[Black "Volkov, Sergey:Volkov"]
[Result "0-1"]
[ICCResult "White resigns"]
[WhiteElo "1940"]
[BlackElo "2540"]
[Opening "English, Kramnik-Shirov counterattack"]
[ECO "A21"]
[NIC "EO.23"]
[Time "11:00:19"]
[PlyCount "130"]
[TimeControl "1500+5"]

1. c4 e5 2. Nc3 Bb4 3. d3 Nf6 4. g3 O-O 5. Bg2 Re8 6. Bd2 c6 7. e4 d5 8.
cxd5 cxd5 9. Nxd5 Nxd5 10. exd5 Bxd2+ 11. Qxd2 Nd7 12. Ne2 Nf6 13. Nc3 b6
14. O-O Bb7 15. Rfe1 Nxd5 16. d4 e4 17. Bxe4 Qd7 18. Bg2 g6 19. Ne4 Kg7 20.
h4 h6 21. Rac1 Rad8 22. Red1 Qg4 23. Re1 Re7 24. Nc3 Red7 25. Kh2 Nf6 26.
Bxb7 Rxb7 27. Rcd1 Rbd7 28. Ne2 Qe6 29. b3 Qc6 30. Kg1 a5 31. Qb2 Qf3 32.
Nf4 g5 33. Rd3 Qg4 34. Ng2 Qh3 35. d5 Rxd5 36. Rf3 Rf5 37. Rxf5 Qxf5 38. Ne3
Qe4 39. g4 Qb4 40. Re2 Rd3 41. hxg5 hxg5 42. Qe5 Qf4 43. Qb2 Kg8 44. Qc2 Rd8
45. Qc4 Re8 46. Kg2 Qxc4 47. bxc4 Nxg4 48. Kf3 Ne5+ 49. Kg3 Nxc4 50. Kg4 Re5
51. a4 Nxe3+ 52. fxe3 Kg7 53. e4 Kg6 54. Kf3 b5 55. axb5 Rxb5 56. Rc2 Rb6
57. Kg4 Re6 58. Kf3 a4 59. Ra2 Ra6 60. Ra3 Kf6 61. Kg4 Ke5 62. Kxg5 Kxe4 63.
Ra1 a3 64. Rxa3 Rxa3 65. Kf6 Rf3+ {White resigns} 0-1

[Event "ICC tourney 2985 (25 5)"]
[Site "Internet Chess Club"]
[Date "2022.08.13"]
[Round "1"]
[White "LOCHAM, DIVJOT SINGH:winner08"]
[Black "Nguyen, Hoa Duc:leoman"]
[Result "0-1"]
[ICCResult "White checkmated"]
[WhiteElo "1750"]
[BlackElo "2469"]
[Opening "Sicilian: Nimzovich-Rossolimo attack (without ...d6)"]
[ECO "B30"]
[NIC "SI.31"]
[Time "11:00:51"]
[PlyCount "76"]
[TimeControl "1500+5"]

1. e4 c5 2. Nf3 Nc6 3. Bb5 e6 4. O-O Nge7 5. c3 a6 6. Ba4 b5 7. Bc2 d5 8.
exd5 Nxd5 9. d4 Bb7 10. Re1 cxd4 11. Nxd4 Be7 12. Nxc6 Bxc6 13. Nd2 O-O 14.
Ne4 Nf6 15. Nxf6+ Bxf6 16. Qh5 g6 17. Qh3 Qb6 18. Bh6 Bg7 19. Bxg7 Kxg7 20.
Re3 Rad8 21. Qh4 Rd2 22. Rh3 h5 23. Bb3 Rfd8 24. Rf1 Qc5 25. Qf4 Rxb2 26.
Rg3 Rdd2 27. Qg5 Qxg5 28. Rxg5 Be4 29. Rc5 Bd3 30. Re1 Rxf2 31. Rg5 a5 32.
Bd1 Rxa2 33. Rg3 Bc4 34. Bxh5 Bd5 35. Bf3 Bxf3 36. Rxf3 Rxg2+ 37. Kf1 Rxh2
38. Rd3 Rh1# {White checkmated} 0-1

[Event "ICC tourney 2985 (25 5)"]
[Site "Internet Chess Club"]
[Date "2022.08.13"]
[Round "2"]
[White "HO, COOPER:arsenicblast"]
[Black "JIANG, ANDREW:K05-16091063"]
[Result "1-0"]
[ICCResult "Black resigns"]
[WhiteElo "1893"]
[BlackElo "2014"]
[Opening "Giuoco Piano"]
[ECO "C50"]
[NIC "IG.02"]
[Time "12:30:46"]
[PlyCount "90"]
[TimeControl "1500+5"]

1. e4 e5 2. Nf3 Nc6 3. Bc4 Bc5 4. O-O Nf6 5. d3 d6 6. c3 a6 7. a4 Ba7 8.
Nbd2 O-O 9. h3 Ne7 10. Re1 b5 11. Bb3 Ng6 12. Nf1 h6 13. Ng3 Bb7 14. d4 Re8
15. Nf5 exd4 16. Bxh6 gxh6 17. Nxh6+ Kg7 18. Nxf7 Qd7 19. Qd2 Ng8 20. Nxd4
Bxd4 21. Qxd4+ Nf6 22. axb5 axb5 23. Rxa8 Bxa8 24. Re3 c5 25. Qxd6 c4 26.
Qxd7 Nxd7 27. Nd6 Re6 28. Nf5+ Kf6 29. Bc2 Nc5 30. Nd4 Rb6 31. g3 Ne5 32. f4
Ned3 33. e5+ Ke7 34. b4 Ra6 35. Kf1 Ra1+ 36. Ke2 Nc1+ 37. Kf2 N5d3+ 38. Bxd3
cxd3 39. Re1 d2 40. Rd1 Ra2 41. Ke3 Bd5 42. Rxd2 Rxd2 43. Kxd2 Nb3+ 44. Ke3
Nxd4 45. Kxd4 Bg2 {Black resigns} 1-0

[Event "ICC tourney 2985 (25 5)"]
[Site "Internet Chess Club"]
[Date "2022.08.13"]
[Round "2"]
[White "GU, MINGHAO:mancogu"]
[Black "MARKOVIC, GORAN:Goran21"]
[Result "1/2-1/2"]
[ICCResult "Game drawn because neither player has mating material"]
[WhiteElo "1727"]
[BlackElo "1940"]
[Opening "Sicilian: Najdorf, 7...Qb6"]
[ECO "B97"]
[NIC "SI.08"]
[Time "12:29:55"]
[PlyCount "220"]
[TimeControl "1500+5"]

1. e4 c5 2. Nf3 d6 3. d4 cxd4 4. Nxd4 Nf6 5. Nc3 a6 6. Bg5 e6 7. f4 Qb6 8.
Qd2 Nc6 9. Nb3 Be7 10. O-O-O Bd7 11. Be2 h6 12. Bxf6 gxf6 13. f5 O-O-O 14.
Na4 Qc7 15. Kb1 Kb8 16. a3 Rc8 17. Bd3 Ne5 18. Nc3 b5 19. Ne2 Ka8 20. Nbd4
h5 21. fxe6 fxe6 22. Nf4 Nxd3 23. Qxd3 Qc4 24. Qxc4 Rxc4 25. Nfxe6 Bxe6 26.
Nxe6 Rxe4 27. Rhe1 Re5 28. Rxe5 fxe5 29. Nc7+ Kb7 30. Nd5 Bd8 31. Rf1 a5 32.
Rf7+ Kc6 33. Ne3 h4 34. Nf5 Rg8 35. g3 hxg3 36. hxg3 e4 37. Nd4+ Kd5 38. Ne2
b4 39. axb4 axb4 40. Rf5+ Ke6 41. Rb5 d5 42. Rxb4 Bc7 43. Kc1 Bxg3 44. Nxg3
Rxg3 45. Kd2 Ke5 46. Rb5 Rg2+ 47. Kd1 e3 48. c4 Ke4 49. Rxd5 Rxb2 50. Rd8
Rb4 51. Ke2 Rb2+ 52. Ke1 Rc2 53. Rh8 Kf3 54. Rf8+ Ke4 55. Re8+ Kd4 56. Rh8
Ra2 57. Rc8 Kd3 58. Rd8+ Kxc4 59. Re8 Kd3 60. Rd8+ Ke4 61. Re8+ Kd4 62. Rd8+
Kc5 63. Re8 Ra3 64. Ke2 Kd4 65. Rd8+ Ke5 66. Re8+ Kf4 67. Rf8+ Kg5 68. Re8
Kf4 69. Rf8+ Ke5 70. Re8+ Kd5 71. Rxe3 Ra2+ 72. Kf3 Kd4 73. Re4+ Kd5 74. Rb4
Ra3+ 75. Ke2 Kc5 76. Rh4 Kd5 77. Kd2 Ra2+ 78. Kd3 Ra3+ 79. Kd2 Ke5 80. Ke2
Kf5 81. Rb4 Ra8 82. Rb5+ Ke4 83. Rb4+ Kd5 84. Rh4 Ra2+ 85. Kd3 Ra3+ 86. Kd2
Ra2+ 87. Kd3 Rg2 88. Rh5+ Ke6 89. Ra5 Rg3+ 90. Ke4 Rg4+ 91. Ke3 Rb4 92. Rh5
Kf6 93. Ra5 Rb8 94. Rc5 Re8+ 95. Kf4 Re6 96. Ra5 Rb6 97. Rc5 Rb4+ 98. Kf3
Ke6 99. Ra5 Rd4 100. Rh5 Kf6 101. Ke3 Ra4 102. Rb5 Ke6 103. Rh5 Ra3+ 104.
Ke4 Kd6 105. Rg5 Ra4+ 106. Kd3 Kc6 107. Rh5 Kb6 108. Rg5 Ra3+ 109. Kc2 Ra5
110. Rxa5 Kxa5 {Game drawn because neither player has mating material}
1/2-1/2

[Event "ICC tourney 2985 (25 5)"]
[Site "Internet Chess Club"]
[Date "2022.08.13"]
[Round "2"]
[White "Belous, Vladimir:Openyagami"]
[Black "REDDY, SATVIK:chesslead"]
[Result "0-1"]
[ICCResult "White resigns"]
[WhiteElo "2569"]
[BlackElo "2212"]
[Opening "English opening"]
[ECO "A20"]
[NIC "EO.24"]
[Time "12:30:10"]
[PlyCount "110"]
[TimeControl "1500+5"]

1. c4 e5 2. g3 Nf6 3. Bg2 c6 4. Nf3 e4 5. Nd4 d5 6. cxd5 Qxd5 7. Nc2 Qh5 8.
h3 Qg6 9. Nc3 Bd6 10. Ne3 O-O 11. Qc2 Re8 12. a3 Nbd7 13. b4 a5 14. Nc4 Bc7
15. bxa5 Bxa5 16. Nd6 Re6 17. Nxc8 Rxc8 18. O-O e3 19. Qxg6 hxg6 20. fxe3
Bxc3 21. dxc3 Nc5 22. Rb1 Nfe4 23. Bxe4 Rxe4 24. Rd1 Ra8 25. Rd4 Re7 26. Kg2
Ne4 27. Bb2 Ra5 28. Rbd1 Rf5 29. Re1 Rb5 30. Rb4 Rg5 31. g4 f5 32. Rf1 fxg4
33. h4 Rf5 34. Rf4 Rxf4 35. exf4 Nd2 36. Kf2 Kf7 37. c4 c5 38. Ra4 Ke6 39.
Bc1 Ne4+ 40. Kg2 Kf5 41. Ra8 b6 42. a4 Nf6 43. e3 Re4 44. Bb2 Rxc4 45. Bxf6
gxf6 46. Kg3 Ke4 47. Re8+ Kd3 48. Kxg4 Rxa4 49. Kf3 c4 50. Rd8+ Kc2 51. Rb8
Rb4 52. f5 gxf5 53. h5 c3 54. Rf8 Kb1 55. h6 c2 {White resigns} 0-1

[Event "ICC tourney 2985 (25 5)"]
[Site "Internet Chess Club"]
[Date "2022.08.13"]
[Round "2"]
[White "HE, JUSTIN SHANDONG:HeJustin"]
[Black "DINESH, ABINAV:abi2009"]
[Result "0-1"]
[ICCResult "White resigns"]
[WhiteElo "1329"]
[BlackElo "1637"]
[Opening "Ruy Lopez: closed, Pilnik variation"]
[ECO "C77"]
[NIC "RL.12"]
[Time "12:29:59"]
[PlyCount "118"]
[TimeControl "1500+5"]

1. e4 e5 2. Nf3 Nc6 3. Bb5 a6 4. Ba4 Nf6 5. d3 b5 6. Bb3 d6 7. c3 Be7 8. O-O
O-O 9. Re1 Na5 10. Bc2 Re8 11. Nbd2 Bf8 12. Nf1 Bb7 13. Ng3 g6 14. Bg5 Bg7
15. d4 h6 16. Bd2 c5 17. d5 Nc4 18. Bc1 Nb6 19. b3 a5 20. h3 a4 21. Be3 Qc7
22. Bd3 Ba6 23. Qd2 Kh7 24. b4 cxb4 25. cxb4 Nc4 26. Bxc4 bxc4 27. Qc3 Bb5
28. Nd2 Nd7 29. Rac1 Rac8 30. a3 Rf8 31. Qc2 Kg8 32. Nb1 Nf6 33. Nc3 Qd7 34.
Qd2 Kh7 35. Rf1 Ne8 36. f4 Nc7 37. f5 Ne8 38. fxg6+ fxg6 39. Rxf8 Bxf8 40.
Rf1 Bg7 41. Qf2 Nf6 42. Nxb5 Qxb5 43. Nf5 Nxe4 44. Qf3 Rf8 45. Qxe4 c3 46.
Rf2 gxf5 47. Rxf5 Kg8 48. Rxf8+ Kxf8 49. Qf5+ Ke8 50. Qe6+ Kd8 51. Qxd6+ Qd7
52. Bb6+ Kc8 53. Qc5+ Kb7 54. Ba5 e4 55. Qb6+ Ka8 56. Qa6+ Qa7+ 57. Qxa7+
Kxa7 58. b5 e3 59. d6 c2 {White resigns} 0-1

[Event "ICC tourney 2985 (25 5)"]
[Site "Internet Chess Club"]
[Date "2022.08.13"]
[Round "2"]
[White "QUIRKE, JEFFREY L:PawnEatingZombi"]
[Black "LOCHAM, DIVJOT SINGH:winner08"]
[Result "1-0"]
[ICCResult "Black resigns"]
[WhiteElo "2035"]
[BlackElo "1750"]
[Opening "Grünfeld: modern exchange variation"]
[ECO "D85"]
[NIC "GI.04"]
[Time "12:30:04"]
[PlyCount "69"]
[TimeControl "1500+5"]

1. d4 Nf6 2. c4 g6 3. Nc3 d5 4. cxd5 Nxd5 5. e4 Nxc3 6. bxc3 Bg7 7. Nf3 c5
8. Be3 O-O 9. Be2 Nc6 10. O-O Qc7 11. d5 Ne5 12. Nxe5 Bxe5 13. f4 Bg7 14.
Qd2 Rd8 15. Rac1 b6 16. c4 e6 17. Kh1 exd5 18. cxd5 Bb7 19. Bf3 Qd7 20. Rfd1
Rac8 21. h3 f5 22. e5 Qe8 23. Qf2 Qf7 24. d6 Bxf3 25. Qxf3 Rd7 26. Rd5 Qe6
27. Qd1 c4 28. Qa4 c3 29. Qb3 c2 30. Rxc2 Rxc2 31. Qxc2 Rd8 32. Rd3 Rc8 33.
Rc3 Rxc3 34. Qxc3 Qxd6 35. Qb3+ {Black resigns} 1-0

[Event "ICC tourney 2985 (25 5)"]
[Site "Internet Chess Club"]
[Date "2022.08.13"]
[Round "2"]
[White "Volkov, Sergey:Volkov"]
[Black "HO, CARTER:corviknight"]
[Result "1-0"]
[ICCResult "Black resigns"]
[WhiteElo "2540"]
[BlackElo "2012"]
[Opening "Nimzo-Indian: Sämisch, Romanovsky variation"]
[ECO "E25"]
[NIC "NI.30"]
[Time "12:30:16"]
[PlyCount "101"]
[TimeControl "1500+5"]

1. d4 Nf6 2. c4 e6 3. Nc3 Bb4 4. f3 d5 5. a3 Bxc3+ 6. bxc3 c5 7. cxd5 Nxd5
8. dxc5 f5 9. Nh3 Qa5 10. e4 fxe4 11. fxe4 Qxc3+ 12. Bd2 Qe5 13. Nf2 Nc3 14.
Qc1 Nxe4 15. Bf4 Qd4 16. Be3 Qc3+ 17. Qxc3 Nxc3 18. Bd4 Nd5 19. Bxg7 Rg8 20.
Bb2 Nd7 21. Rc1 b6 22. c6 Nc5 23. g3 Ba6 24. Rxc5 Bxf1 25. Rxd5 exd5 26.
Rxf1 Rc8 27. Nd3 Rxc6 28. Kd2 Rh6 29. Rf2 Ke7 30. Bd4 Rc8 31. Ne5 Rf8 32.
Re2 Kd6 33. Nd3 Rf1 34. Be5+ Kd7 35. h4 Rg6 36. h5 Rg5 37. h6 Rh1 38. Bf4
Rg8 39. Nb4 d4 40. Nd5 Rg6 41. Re7+ Kc6 42. Nb4+ Kc5 43. Rc7+ Kb5 44. Rxa7
Rgxh6 45. Bxh6 Rxh6 46. Nc2 Kc4 47. Ra4+ Kb3 48. Rb4+ Ka2 49. Rxd4 Rh2+ 50.
Kc3 Rh3 51. Nb4+ {Black resigns} 1-0

[Event "ICC tourney 2985 (25 5)"]
[Site "Internet Chess Club"]
[Date "2022.08.13"]
[Round "2"]
[White "Nguyen, Hoa Duc:leoman"]
[Black "Mitrabha, Guha:babysnake"]
[Result "1-0"]
[ICCResult "Black resigns"]
[WhiteElo "2469"]
[BlackElo "2521"]
[Opening "Caro-Kann: Tartakower (Nimzovich) variation"]
[ECO "B15"]
[NIC "CK.06"]
[Time "12:30:03"]
[PlyCount "85"]
[TimeControl "1500+5"]

1. e4 c6 2. d4 d5 3. Nc3 dxe4 4. Nxe4 Nf6 5. Nxf6+ exf6 6. Nf3 Bd6 7. Bd3
O-O 8. O-O Bg4 9. h3 Bh5 10. Bf5 Nd7 11. Qd3 Bg6 12. Bxg6 hxg6 13. Bd2 Re8
14. Rfe1 Qc7 15. Qb3 Nf8 16. Rxe8 Rxe8 17. Re1 Rxe1+ 18. Bxe1 Ne6 19. Bb4 b6
20. c4 g5 21. Bxd6 Qxd6 22. Qe3 g6 23. g3 Kg7 24. Qd2 Nc7 25. Kg2 Qe6 26.
Qd3 g4 27. hxg4 Qxg4 28. Qe3 g5 29. Nh2 Qf5 30. Qf3 Qe6 31. Ng4 b5 32. b3
bxc4 33. bxc4 f5 34. Ne5 c5 35. Qc3 f6 36. Nf3 cxd4 37. Nxd4 Qe4+ 38. f3 Qe5
39. Qd3 f4 40. Nf5+ Kf7 41. gxf4 gxf4 42. Qd7+ Kg6 43. Qg7+ {Black resigns}
1-0

[Event "ICC tourney 2985 (25 5)"]
[Site "Internet Chess Club"]
[Date "2022.08.13"]
[Round "3"]
[White "REDDY, SATVIK:chesslead"]
[Black "Volkov, Sergey:Volkov"]
[Result "0-1"]
[ICCResult "White resigns"]
[WhiteElo "2212"]
[BlackElo "2540"]
[Opening "French: Steinitz, Boleslavsky variation"]
[ECO "C11"]
[NIC "FR.04"]
[Time "14:00:18"]
[PlyCount "41"]
[TimeControl "1500+5"]

1. e4 e6 2. d4 d5 3. Nc3 Nf6 4. e5 Nfd7 5. f4 c5 6. Nf3 Nc6 7. Be3 a6 8. Qd2
b5 9. dxc5 Bxc5 10. Bxc5 Nxc5 11. Qf2 Qb6 12. Bd3 b4 13. Ne2 a5 14. O-O Ba6
15. Rad1 O-O 16. Ned4 Nxd4 17. Nxd4 Na4 18. b3 Nc3 19. Bxh7+ Kxh7 20. Qh4+
Kg8 21. Rf3 {White resigns} 0-1

[Event "ICC tourney 2985 (25 5)"]
[Site "Internet Chess Club"]
[Date "2022.08.13"]
[Round "3"]
[White "MARKOVIC, GORAN:Goran21"]
[Black "HE, JUSTIN SHANDONG:HeJustin"]
[Result "1-0"]
[ICCResult "Black checkmated"]
[WhiteElo "1940"]
[BlackElo "1329"]
[Opening "French: King's Indian attack"]
[ECO "C00"]
[NIC "FR.02"]
[Time "14:00:07"]
[PlyCount "53"]
[TimeControl "1500+5"]

1. e4 e6 2. d3 d5 3. Nd2 Nf6 4. Ngf3 c5 5. g3 Be7 6. Bg2 d4 7. O-O O-O 8. a4
Nc6 9. h3 e5 10. Nc4 Qc7 11. Nh4 Be6 12. Nf5 Bxf5 13. exf5 Rad8 14. g4 Nd5
15. g5 Kh8 16. Qh5 g6 17. Qf3 Ndb4 18. f6 Bd6 19. c3 Na6 20. Qe4 Rfe8 21.
Re1 Nab8 22. Qh4 Nd7 23. Re4 Nf8 24. Qh6 Ne6 25. Rh4 Kg8 26. Qxh7+ Kf8 27.
Qh8# {Black checkmated} 1-0

[Event "ICC tourney 2985 (25 5)"]
[Site "Internet Chess Club"]
[Date "2022.08.13"]
[Round "3"]
[White "JIANG, ANDREW:K05-16091063"]
[Black "GU, MINGHAO:mancogu"]
[Result "1/2-1/2"]
[ICCResult "Game drawn by mutual agreement"]
[WhiteElo "2014"]
[BlackElo "1727"]
[Opening "Sicilian: Scheveningen (Paulsen), classical variation"]
[ECO "B84"]
[NIC "SI.23"]
[Time "14:00:06"]
[PlyCount "73"]
[TimeControl "1500+5"]

1. e4 c5 2. Nf3 d6 3. d4 cxd4 4. Nxd4 Nf6 5. Nc3 a6 6. Be2 e6 7. O-O Be7 8.
f4 O-O 9. Bf3 Qc7 10. a4 Bd7 11. Be3 Nc6 12. Nb3 Nb4 13. a5 Bc6 14. g4 d5
15. e5 Ne4 16. Bxe4 dxe4 17. Bb6 Qc8 18. Qe2 Nd5 19. Qc4 Nxb6 20. axb6 Bd5
21. Qxc8 Raxc8 22. Nxd5 exd5 23. c3 Bc5+ 24. Nxc5 Rxc5 25. Rfd1 Rb5 26. Ra4
Rxb2 27. Rxd5 Rxb6 28. Rxe4 g6 29. f5 h5 30. e6 fxe6 31. fxe6 Re8 32. e7 Kf7
33. gxh5 Rxe7 34. Rxe7+ Kxe7 35. h6 g5 36. Rxg5 Rxh6 37. Rg7+
{Game drawn by mutual agreement}
1/2-1/2

[Event "ICC tourney 2985 (25 5)"]
[Site "Internet Chess Club"]
[Date "2022.08.13"]
[Round "3"]
[White "HO, CARTER:corviknight"]
[Black "Belous, Vladimir:Openyagami"]
[Result "0-1"]
[ICCResult "White resigns"]
[WhiteElo "2012"]
[BlackElo "2569"]
[Opening "Sicilian: Labourdonnais-Löwenthal (Kalashnikov) variation"]
[ECO "B32"]
[NIC "SI.32"]
[Time "14:00:18"]
[PlyCount "76"]
[TimeControl "1500+5"]

1. e4 c5 2. Nf3 Nc6 3. d4 cxd4 4. Nxd4 e5 5. Nb5 d6 6. N1c3 a6 7. Na3 b5 8.
Nd5 Nge7 9. c4 Nxd5 10. exd5 Nd4 11. Be3 Nf5 12. Nc2 g6 13. Be2 Nxe3 14.
Nxe3 Qa5+ 15. Qd2 Qxd2+ 16. Kxd2 Bd7 17. Rhc1 Bh6 18. cxb5 axb5 19. Rc7 Kd8
20. Rc3 f5 21. Ke1 Ke7 22. Rc7 Rhb8 23. h4 Kd8 24. Rc2 Ra4 25. g3 f4 26. Nd1
Rd4 27. g4 Rxd5 28. g5 Bg7 29. Bf3 Rd4 30. Nc3 b4 31. Ne4 Bf5 32. Re2 d5 33.
Nc5 e4 34. Bh1 f3 35. Rd2 Rxd2 36. Kxd2 Rc8 37. Na4 Bd4 38. Ke1 Rc2
{White resigns}
0-1

[Event "ICC tourney 2985 (25 5)"]
[Site "Internet Chess Club"]
[Date "2022.08.13"]
[Round "3"]
[White "Mitrabha, Guha:babysnake"]
[Black "Jin, Xiaodong:SuperWJ"]
[Result "1-0"]
[ICCResult "Black resigns"]
[WhiteElo "2521"]
[BlackElo "1592"]
[Opening "Queen's bishop game"]
[ECO "D02"]
[NIC "QP.06"]
[Time "14:02:37"]
[PlyCount "65"]
[TimeControl "1500+5"]

1. d4 Nf6 2. Nf3 d5 3. Bf4 c5 4. e3 Qb6 5. Nc3 a6 6. Na4 Qa5+ 7. c3 cxd4 8.
exd4 Nc6 9. Qb3 b5 10. Nc5 e6 11. Bd3 Bxc5 12. dxc5 O-O 13. O-O Nh5 14. Bd6
Re8 15. Rfe1 f5 16. Bxf5 Bd7 17. Bd3 Nf6 18. Qc2 h6 19. Ne5 Nxe5 20. Bxe5
Rf8 21. Bd6 Rfc8 22. Be7 Qc7 23. Re3 Kh8 24. Qe2 Qf4 25. Rf3 Qg5 26. Rg3 Qh4
27. Qe5 Rg8 28. Rh3 Qxf2+ 29. Kh1 Ng4 30. Qh5 Qf4 31. Rf3 Nf2+ 32. Rxf2 Qxf2
33. Qg6 {Black resigns} 1-0

[Event "ICC tourney 2985 (25 5)"]
[Site "Internet Chess Club"]
[Date "2022.08.13"]
[Round "3"]
[White "DINESH, ABINAV:abi2009"]
[Black "Nguyen, Hoa Duc:leoman"]
[Result "0-1"]
[ICCResult "White resigns"]
[WhiteElo "1637"]
[BlackElo "2469"]
[Opening "Sicilian defense"]
[ECO "B32"]
[NIC "SI.32"]
[Time "14:00:56"]
[PlyCount "62"]
[TimeControl "1500+5"]

1. e4 c5 2. Nf3 Nc6 3. d4 cxd4 4. Nxd4 Qb6 5. Nb3 Nf6 6. Nc3 e6 7. Bd3 a6 8.
O-O Be7 9. Be3 Qc7 10. f4 d6 11. Qf3 O-O 12. g4 Nd7 13. Kh1 b5 14. a3 Bb7
15. Nd2 b4 16. axb4 Nxb4 17. h3 d5 18. Kh2 Nf6 19. Bd4 dxe4 20. Ndxe4 Nxd3
21. cxd3 Rfd8 22. Bxf6 gxf6 23. Qe3 Rd7 24. Rad1 Rad8 25. Rg1 Kh8 26. g5 f5
27. Nf6 Bc5 28. Qg3 Rxd3 29. Rxd3 Rxd3 30. Qxd3 Qxf4+ 31. Qg3 Bxg1+
{White resigns}
0-1

[Event "ICC tourney 2985 (25 5)"]
[Site "Internet Chess Club"]
[Date "2022.08.13"]
[Round "3"]
[White "HO, COOPER:arsenicblast"]
[Black "QUIRKE, JEFFREY L:PawnEatingZombi"]
[Result "1/2-1/2"]
[ICCResult "White ran out of time and Black has no material to mate"]
[WhiteElo "1893"]
[BlackElo "2035"]
[Opening "Two knights defense (Modern bishop's opening)"]
[ECO "C55"]
[NIC "IG.01"]
[Time "14:00:14"]
[PlyCount "116"]
[TimeControl "1500+5"]

1. e4 e5 2. Nf3 Nc6 3. Bc4 Nf6 4. d3 h6 5. O-O d6 6. c3 g5 7. Nbd2 Bg7 8. b4
g4 9. Ne1 d5 10. exd5 Nxd5 11. Qb3 Be6 12. f3 h5 13. Nc2 Nf4 14. Bxe6 Nxe6
15. b5 Ne7 16. Qc4 Qd5 17. Ba3 Rd8 18. Qa4 b6 19. Nb4 Qc5+ 20. Kh1 Qxc3 21.
Ne4 Qd4 22. Rac1 O-O 23. Rc4 Qd7 24. Nc6 Nxc6 25. bxc6 Qxd3 26. Rcc1 Rfe8
27. Rcd1 Qe2 28. Nc3 Rxd1 29. Rxd1 Qf2 30. fxg4 Nf4 31. Qe4 hxg4 32. g3 Ne6
33. Qxg4 Nd4 34. Ne4 Qf5 35. Qxf5 Nxf5 36. Rd7 Nd4 37. Rxc7 f5 38. Nd6 Rf8
39. Rxg7+ Kxg7 40. c7 Nc2 41. Bb2 Kf6 42. c8=Q Rxc8 43. Nxc8 Ne3 44. Nxa7
Ke6 45. h4 f4 46. gxf4 exf4 47. h5 f3 48. Kg1 f2+ 49. Kxf2 Nd1+ 50. Kf3 Nxb2
51. Kg4 Kf6 52. Nc8 Nc4 53. a4 Ne5+ 54. Kf4 Nd7 55. Kg4 Ne5+ 56. Kf4 Nd7 57.
Nxb6 Nxb6 58. a5 Nd7 {White ran out of time and Black has no material to
mate} 1/2-1/2

[Event "ICC tourney 2985 (25 5)"]
[Site "Internet Chess Club"]
[Date "2022.08.13"]
[Round "4"]
[White "HO, CARTER:corviknight"]
[Black "HO, COOPER:arsenicblast"]
[Result "1-0"]
[ICCResult "Black resigns"]
[WhiteElo "2012"]
[BlackElo "1893"]
[Opening "Sicilian: Anderssen variation"]
[ECO "B41"]
[NIC "SI.41"]
[Time "15:30:36"]
[PlyCount "67"]
[TimeControl "1500+5"]

1. e4 c5 2. Nf3 e6 3. d4 cxd4 4. Nxd4 Nf6 5. Nc3 Nc6 6. Nxc6 bxc6 7. e5 Nd5
8. Ne4 Qc7 9. f4 Qb6 10. c4 Bb4+ 11. Ke2 f5 12. exf6 Nxf6 13. Be3 Qd8 14.
Nd6+ Bxd6 15. Qxd6 Bb7 16. Rd1 Rc8 17. Rg1 c5 18. g4 Qb6 19. g5 Qxd6 20.
Rxd6 Ne4 21. Rd3 d5 22. Ra3 d4 23. Rxa7 Rb8 24. Bc1 O-O 25. Rxb7 Rxb7 26.
Bg2 Rb4 27. Bxe4 Rxc4 28. b3 Rc3 29. Bd2 Rh3 30. Rg2 Rc8 31. Bd3 Kf7 32. Bc4
g6 33. Rf2 Ke7 34. Kf1 {Black resigns} 1-0